 Dungeon Crawl Stone Soup version 0.28-a0-932-g843f935a50 (webtiles) character file.

Game seed: 8064334065653798766

697129 Zdeegee the Archmage (level 27, -6/168 (173) HPs)
             Began as a Gargoyle Ice Elementalist on Nov 25, 2021.
             Was the Champion of the Shining One.
             Splashed by a caustic shrike's acid (12 damage)
             ... on level 2 of the Iron City of Dis on Nov 28, 2021.
             The game lasted 04:57:13 (87610 turns).

Zdeegee the Archmage (Gargoyle Ice Elementalist)   Turns: 87610, Time: 04:57:14

HP:   -6/168 (173)  AC: 15    Str:  9 (12) XL:     27
MP:   24/54         EV: 18    Int: 47 (56) God:    the Shining One [******]
Gold: 8470          SH:  8    Dex: 22 (27) Spells: 9/80 levels left

rFire   + + .      SeeInvis .   a - staff of cold
rCold   + + +      Faith    .   I - +0 buckler {rN+}
rNeg    + + +      Spirit   .   z - +2 robe of True Grit {rF++ rC- Int+4 Dex+9}
rPois   ∞          Reflect  .   S - +0 helmet of the Morning {Int+3}
rElec   +          Harm     .   Y - scarf {rC+ rF+}
rCorr   .          Rampage  .   B - +2 pair of gloves of Kindness {rElec rF- rC+ Will+}
Will    +++..                   g - +2 pair of boots of the Earth {rC++ Int+8}
Stlth   ++........              j - amulet of magic regeneration
HPRegen 0.38/turn               K - +6 ring of intelligence
MPRegen 0.74/turn               H - ring of Jeimystre {Int+6 Dex+8}

@: corroded, flying, glowing, studying Necromancy, lightly drained
A: sickness immunity, AC +20, big wings, negative energy resistance 1,
electricity resistance, torment resistance 1, petrification resistance,
screaming 1
}: 5/15 runes: serpentine, barnacled, slimy, silver, obsidian
a: Renounce Religion, Divine Shield, Cleansing Flame, Summon Divine Warrior,
Brand Weapon With Holy Wrath


You were on level 2 of the Iron City of Dis.
You worshipped the Shining One.
The Shining One was exalted by your worship.
You visited 14 branches of the dungeon, and saw 64 of its levels.

You collected 12840 gold pieces.
You spent 4370 gold pieces at shops.

Inventory:

Hand Weapons
 A - the +6 whip of Resourcefulness {speed, rC+ rN+}
   (You found it on level 1 of the Snake Pit)

   Attacks with this weapon are significantly faster.
   rC:        It protects you from cold.
   rN:        It protects you from negative energy.
 L - the +7 sceptre of Asmodeus
   (You took it off Asmodeus on level 7 of Gehenna)

   It can be evoked to summon fiery demons, with success rate depending on
   Evocations skill.
   Those summoned this way will remain friendly only for a limited time.
   The Shining One disapproves of the use of such an item.
Missiles
 w - 1163 stones
 E - 10 throwing nets
Armour
 e - a +2 helmet of see invisible
 g - the +2 pair of boots of the Earth (worn) {rC++ Int+8}
   (You found it on level 4 of the Shoals)

   Int:       It affects your intelligence (+8).
   rC:        It greatly protects you from cold.
 z - the +2 robe of True Grit (worn) {rF++ rC- Int+4 Dex+9}
   (You found it on level 7 of the Dungeon)

   Int:       It affects your intelligence (+4).
   Dex:       It affects your dexterity (+9).
   rF:        It greatly protects you from fire.
   rC:        It makes you vulnerable to cold.
 B - the +2 pair of gloves of Kindness (worn) {rElec rF- rC+ Will+}
   (You acquired it on level 3 of the Shoals)

   rF:        It makes you vulnerable to fire.
   rC:        It protects you from cold.
   rElec:     It insulates you from electricity.
   Will:      It increases your willpower.
 I - a +0 buckler of positive energy (worn)
 R - the +1 robe "Uwirem" {Will- Str-4 Int+9 Archmagi}
   (You found it on level 3 of the Lair of Beasts)

   Str:       It affects your strength (-4).
   Int:       It affects your intelligence (+9).
   Archmagi:  It increases the power of your magical spells.
   Will:      It decreases your willpower.
 S - the +0 helmet of the Morning (worn) {Int+3}
   (You found it on level 1 of the Vaults)

   Int:       It affects your intelligence (+3).
 Y - a scarf of resistance (worn)
Magical Staves
 a - a staff of cold (weapon)
 c - a staff of earth
Jewellery
 d - the brooch of Shielding {Spirit SH+8}
   (You found it on level 5 of the Vaults)

   [amulet of guardian spirit]

   It causes incoming damage to be divided between your reserves of health and
   magic.
   SH:        It affects your SH (+8).
 j - an amulet of magic regeneration (around neck)
 k - the ring of Zoros {rPois rF+ MP+9 Str-5 Dex+6}
   (You found it on level 2 of the Shoals)

   [ring of dexterity]

   Str:       It affects your strength (-5).
   Dex:       It affects your dexterity (+6).
   rF:        It protects you from fire.
   rPois:     It protects you from poison.
   MP:        It affects your magic capacity (+9).
 q - a ring of resist corrosion
 u - a ring of ice
 v - a ring of see invisible
 H - the ring of Jeimystre (right hand) {Int+6 Dex+8}
   (You found it on level 3 of the Elven Halls)

   [ring of intelligence]

   Int:       It affects your intelligence (+6).
   Dex:       It affects your dexterity (+8).
 K - a +6 ring of intelligence (left hand)
 V - an amulet of reflection
 X - a ring of willpower
 Z - the ring of Fovyjeg {rF+ rC+ Slay+3}
   (You found it on level 5 of the Lair of Beasts)

   [ring of protection from fire]

   Slay:      It affects your accuracy & damage with ranged weapons and melee
   (+3).
   rF:        It protects you from fire.
   rC:        It protects you from cold.
Wands
 x - a wand of digging (6)
 y - a wand of iceblast (33)
 P - a wand of acid (19)
Scrolls
 m - 3 scrolls of summoning
 o - 12 scrolls of enchant armour
 s - 6 scrolls of magic mapping
 t - 5 scrolls of fear
 G - 2 scrolls of holy word
 N - 6 scrolls of amnesia
 Q - 5 scrolls of blinking
 U - 5 scrolls of fog
 W - 23 scrolls of teleportation
Potions
 f - 9 potions of haste
 h - 9 potions of cancellation
 i - 4 potions of resistance
 l - 5 potions of might
 n - 9 potions of heal wounds
 p - 28 potions of curing
 r - 9 potions of invisibility
 C - 3 potions of magic
 F - 5 potions of brilliance
 J - 4 potions of berserk rage
 M - 4 potions of mutation
 O - 10 potions of lignification
Miscellaneous
 b - a phantom mirror
 D - a phantom mirror
 T - a phantom mirror


   Skills:
 * Level 18.1 Fighting
 + Level 1.5 Short Blades
 + Level 3.6(3.7) Maces & Flails
 + Level 0.3(2.2) Staves
 + Level 0.1 Throwing
 * Level 18.1 Armour
 + Level 7.8 Dodging
 + Level 5.9 Stealth
 * Level 11.7 Shields
 O Level 27 Spellcasting
 * Level 19.5 Conjurations
 + Level 9.7 Necromancy
 * Level 6.5 Fire Magic
 + Level 20.3 Ice Magic
 + Level 1.4 Air Magic
 + Level 22.7 Earth Magic
 + Level 0.8 Evocations


You had 9 spell levels left.
You knew the following spells:

 Your Spells              Type           Power      Damage    Failure   Level
a - Shatter               Erth           67%        3d50*     1%          9
b - Frozen Ramparts       Ice            100%       1d12      0%          3
c - Ozocubu's Armour      Ice            100%       N/A       0%          3
d - Hailstorm             Conj/Ice       100%       3d20      0%          4
e - Sandblast             Erth           100%       2d20      0%          1
f - Polar Vortex          Ice            77%        N/A       4%          9
g - Ozocubu's Refrigerat  Ice            77%        4d20      1%          7
h - Borgnjor's Vile Clut  Necr/Erth      60%        N/A       0%          5
i - Orb of Destruction    Conj           64%        9d17      1%          7
j - Iron Shot             Conj/Erth      66%        9d12      0%          6
k - Freezing Cloud        Conj/Ice/Air   69%        6-21      1%          5
l - Blink                 Tloc           100%       N/A       1%          2
m - Petrify               Tmut/Erth      100%       N/A       1%          4
n - Dispersal             Tloc           29%        N/A       28%         6

Your spell library contained the following spells:

 Spells                   Type           Power      Damage    Failure   Level
 Animate Skeleton         Necr           100%       N/A       0%          1
 Foxfire                  Conj/Fire      100%       2x1d9     0%          1
 Freeze                   Ice            100%       1d11      0%          1
 Magic Dart               Conj           100%       1d8       0%          1
 Pain                     Necr           100%       1d9       0%          1
 Shock                    Conj/Air       100%       1d9       0%          1
 Ensorcelled Hibernation  Hex/Ice        100%       N/A       0%          2
 Searing Ray              Conj           100%       2d8       0%          2
 Static Discharge         Conj/Air       100%       N/A       0%          2
 Conjure Flame            Conj/Fire      100%       6-21      0%          3
 Dazzling Flash           Conj/Hex       100%       N/A       0%          3
 Stone Arrow              Conj/Erth      100%       3d13      0%          3
 Vampiric Draining        Necr           100%       2d13      0%          3
 Flame Wave               Conj/Fire      100%       3d16      0%          4
 Sticky Flame             Conj/Fire      100%       2d11      0%          4
 Iskenderun's Battlesphe  Conj           100%       2d15      0%          5
 Apportation              Tloc           100%       N/A       1%          1
 Slow                     Hex            100%       N/A       1%          1
 Summon Small Mammal      Summ           100%       N/A       1%          1
 Call Imp                 Summ           59%        N/A       1%          2
 Corpse Rot               Necr/Air       100%       N/A       1%          2
 Poisonous Vapours        Pois/Air       100%       N/A       1%          2
 Scorch                   Fire           100%       2d10      1%          2
 Call Canine Familiar     Summ           59%        N/A       1%          3
 Confusing Touch          Hex            59%        N/A       1%          3
 Gell's Gravitas          Tloc           59%        N/A       1%          3
 Ignite Poison            Fire/Tmut/Pois 71%        N/A       1%          3
 Inner Flame              Hex/Fire       76%        N/A       1%          3
 Lesser Beckoning         Tloc           59%        N/A       1%          3
 Mephitic Cloud           Conj/Pois/Air  92%        N/A       1%          3
 Portal Projectile        Hex/Tloc       100%       N/A       1%          3
 Spider Form              Tmut/Pois      59%        N/A       1%          3
 Summon Guardian Golem    Hex/Summ       59%        N/A       1%          3
 Teleport Other           Tloc           59%        N/A       1%          3
 Animate Armour           Summ/Erth      100%       N/A       1%          4
 Animate Dead             Necr           50%        N/A       1%          4
 Cause Fear               Hex            29%        N/A       1%          4
 Dispel Undead            Necr           100%       3d31      1%          4
 Fulminant Prism          Conj/Hex       50%        3d23      1%          4
 Leda's Liquefaction      Hex/Erth       53%        N/A       1%          4
 Olgreb's Toxic Radiance  Pois           59%        N/A       1%          4
 Passage of Golubria      Tloc           59%        N/A       1%          4
 Summon Ice Beast         Ice/Summ       100%       N/A       1%          4
 Summon Lightning Spire   Summ/Air       63%        N/A       1%          4
 Agony                    Necr           100%       N/A       1%          5
 Excruciating Wounds      Necr           50%        N/A       1%          5
 Fireball                 Conj/Fire      55%        3d21      1%          5
 Irradiate                Conj/Tmut      51%        3d31      1%          5
 Lightning Bolt           Conj/Air       52%        1d73      1%          5
 Conjure Ball Lightning   Conj/Air       52%        3x3d18    1%          6
 Death Channel            Necr           50%        N/A       1%          6
 Simulacrum               Ice/Necr       70%        N/A       1%          6
 Starburst                Conj/Fire      55%        6d15      1%          6
 Lehudib's Crystal Spear  Conj/Erth      66%        10d15     1%          8
 Spellforged Servitor     Conj/Summ      50%        N/A       3%          7
 Silence                  Hex/Air        31%        N/A       4%          5
 Alistair's Intoxication  Tmut/Pois      39%        N/A       5%          5
 Manifold Assault         Tloc           59%        N/A       5%          5
 Summon Forest            Summ/Tloc      29%        N/A       5%          5
 Summon Mana Viper        Hex/Summ       59%        N/A       5%          5
 Yara's Violent Unravell  Hex/Tmut       29%        3d12      5%          5
 Haunt                    Necr/Summ      41%        N/A       22%         7
 Borgnjor's Revivificati  Necr           50%        N/A       24%         8
 Infestation              Necr           50%        N/A       24%         8
 Eringya's Noxious Bog    Tmut/Pois      29%        N/A       28%         6
 Summon Cactus Giant      Summ           29%        N/A       28%         6
 Ignition                 Fire           45%        3d13      65%         8
 Storm Form               Tmut/Air       31%        N/A       77%         7
 Dragon Form              Tmut           29%        N/A       83%         7
 Monstrous Menagerie      Summ           29%        N/A       85%         7
 Necromutation            Tmut/Necr      41%        N/A       86%         8
 Death's Door             Necr           50%        N/A       98%         9
 Discord                  Hex            29%        N/A       100%        8
 Disjunction              Tloc           29%        N/A       100%        8
 Maxwell's Capacitive Co  Air            33%        ∞         100%        8
 Dragon's Call            Summ           29%        N/A       100%        9


Dungeon Overview and Level Annotations

Branches:
Dungeon (15/15)            Temple (0/1) D:6            Lair (6/6) D:8
 Shoals (4/4) Lair:4        Snake (4/4) Lair:3        Slime (5/5) Lair:5
    Orc (2/2) D:9             Elf (3/3) Orc:2        Vaults (5/5) D:14
  Crypt (3/3) Vaults:3       Tomb (0/3) Crypt:3      Depths (4/4) D:15
   Hell (visited)             Dis (2/7) Hell            Geh (7/7) Hell
    Coc (0/7) Hell            Tar (3/7) Hell            Zot (0/5) Depths:4

Altars:
Ashenzari
Dithmenos
Elyvilon
Gozag
Kikubaaqudgha
Makhleb
Nemelex Xobeh
Okawaru
Ru
Sif Muna
Uskayaw
Vehumet
Wu Jian
Xom
Yredelemnul
Zin
The Shining One
Beogh
Jiyva

Shops:
D:1 *   Orc:2 :[(=*   Elf:1 [   Shoals:3 =?:!:   Vaults:1 :   Vaults:2 *
Vaults:5 =   Depths:1 *   Depths:3 ![:

Portals:
Hell: Depths:1 Depths:2 Depths:3 Depths:4
Abyss: Depths:1 Depths:2 Depths:3
Pandemonium: Depths:2
Ziggurat: Depths:4

Annotations:
D:7 3 runed translucent doors, tvsian's ghost, novice HOFi
D:12 3 runed translucent doors, timneilson's ghost, journeyman GrFi
Lair:5 exclusion: oklob plant
Orc:1 Saint Roka
Elf:2 1 runed translucent door


Innate Abilities, Weirdness & Mutations

You are immune to sickness and miasma.
Your stone body is resilient. (AC +20)
You are immune to poison.
Your large and strong wings let you fly.
You resist negative energy. (rN+)
You are resistant to electric shocks. (rElec)
You are resistant to unholy torment.
You are immune to petrification.
You occasionally shout uncontrollably at your foes.


Message History

The caustic shrike is moderately wounded.
Ka-crash!
The caustic shrike closely misses you.
The caustic shrike completely misses you.
The caustic shrike claws you! The acid corrodes you!
You are splashed with acid!
Unknown command.
Casting: Shatter (dangerous; 1% risk of failure)
Confirm with . or Enter, or press ? or * to list all spells.
The dungeon rumbles!
The caustic shrike is moderately wounded.
You kill the caustic shrike!
The caustic shrike is lightly wounded.
The caustic shrike is heavily wounded. x2
Ka-crash!
The caustic shrike claws you!
You are splashed with acid!
The caustic shrike claws you but does no damage.
The caustic shrike closely misses you. You block the caustic shrike's attack.
Unknown command.
Unknown command.
Casting: Shatter (dangerous; 1% risk of failure)
Confirm with . or Enter, or press ? or * to list all spells.
The dungeon rumbles!
The caustic shrike is heavily wounded.
The caustic shrike is moderately wounded.
The caustic shrike is almost dead.
The caustic shrike is heavily wounded.
Ka-crash!
The caustic shrike claws you! The acid corrodes you!
You are splashed with acid!
The caustic shrike claws you!!
You are splashed with acid!
* * * LOW HITPOINT WARNING * * *
You block the caustic shrike's attack. The caustic shrike claws you!!
* * * LOW HITPOINT WARNING * * *
You are splashed with acid!
* * * LOW HITPOINT WARNING * * *
The caustic shrike claws you!
* * * LOW HITPOINT WARNING * * *
You are splashed with acid!
You die...

#...............#
#...)............#
#..[.)..÷........#
..............[....####
......................
..#.................##
. #..................#
#....#..+....#...#
#....##+#....#@b##
#....# #....bbb.#
#.####...# .....#
....## ...... .......
........#


You could see 4 caustic shrikes.

Vanquished Creatures
  Asmodeus (Geh:7)
  the Royal Jelly (Slime:5)
  A dread lich (Crypt:2)
  An ancient lich (Geh:4)
  Mara (Snake:3)
  Vashnia (Snake:3)
  Bai Suzhen (Shoals:3)
  Frederick (Crypt:3)
  A caustic shrike (Dis:2)
  Geryon (Hell)
  9 golden dragons
  Jory (Depths:4)
  3 bone dragons (Tar:3)
  3 doom hounds (Tar:3)
  The ghost of Omiorith the Warrior, an adept GrFi of Cheibriados (Crypt:2)
  The ghost of Loip the Warrior, an adept GrFi of Cheibriados (Crypt:2)
  9 Brimstone Fiends
  12 hellephants
  The ghost of louisi3 the Impaler, an adept DDGl of Ashenzari (Vaults:1)
  A Tzitzimitl (Tar:3)
  Jorgrun (D:15)
  5 tentacled monstrosities
  2 walking crystal tomes (Depths:2)
  7 liches
  The ghost of Pooter the Severer, an adept MiBe of Trog (Shoals:4)
  A shard shrike skeleton (Crypt:3)
  12 titans
  2 tainted leviathans
  21 searing wretches
  2 deep elf master archers (Elf:3)
  2 walking frostbound tomes (Depths:2)
  4 deep elf blademasters (Elf:3)
  6 quicksilver dragons
  Murray (Hell)
  13 ancient champions
  Frances (Elf:1)
  A kraken (Shoals:3)
  Polyphemus (Shoals:3)
  Kirke (Lair:4)
  8 tengu reavers
  16 acid blobs
  7 shadow dragons
  Donald (Snake:3)
  7 sphinxes
  5 azure jellies
  11 storm dragons
  A quicksilver elemental (Dis:1)
  13 rockslimes
  2 revenants (Crypt:3)
  Ilsuiw (Shoals:3)
  5 nagarajas (Snake:4)
  25 fire giants
  14 vault wardens
  14 frost giants
  A draconian knight (Depths:4)
  Aizul (Snake:3)
  3 deep elf sorcerers
  7 iron dragons
  2 orc warlords
  5 curse skulls
  2 draconian stormcallers (Depths:4)
  4 deep elf elementalists
  24 balrugs
  8 ghouls
  15 stone giants
  A spectral juggernaut (Crypt:3)
  6 war gargoyles
  20 ironbound preservers
  23 very ugly things
  A caustic shrike skeleton (Depths:2)
  12 quicksilver oozes
  8 reapers
  10 vampire knights
  2 putrid mouths
  11 deep elf demonologists
  2 green draconians (Depths:4)
  7 deep elf annihilators
  3 dire elephants (Vaults:1)
  A white draconian (Depths:4)
  Azrael (D:15)
  A wendigo (Hell)
  An entropy weaver (Vaults:3)
  2 spark wasps (Depths:2)
  7 eidola
  A spark wasp (shapeshifter) (Elf:1)
  9 merfolk javelineers
  2 iron golems
  6 jiangshi
  11 deep elf death magi
  2 blizzard demons
  10 ettins
  6 fire dragons
  16 deep elf high priests
  Josephine (D:15)
  5 merfolk impalers (Shoals:4)
  16 yaktaur captains
  A spectral quicksilver dragon (Vaults:1)
  21 salamander tyrants
  10 great orbs of eyes
  A caustic shrike simulacrum (Hell)
  6 ironbound thunderhulks
  36 vault guards
  3 rakshasas
  9 ice dragons
  A spectral sphinx (Vaults:1)
  4 spriggan air magi (Depths:2)
  A hydra (shapeshifter) (Vaults:5)
  10 boulder beetles
  2 peacekeepers (Vaults:4)
  2 hell beasts (Hell)
  16 naga warriors
  8 ogre magi
  6 hydras
  Erica (D:8)
  8 anacondas
  35 centaur warriors
  14 ironbound frosthearts
  An alligator snapping turtle (Shoals:4)
  5 merfolk avatars
  3 catoblepae
  10 merfolk aquamancers
  6 death knights
  7 stokers
  27 two-headed ogres
  28 dancing weapons
  2 satyrs
  A spectral stone giant (Crypt:3)
  7 deep troll shamans
  17 tengu warriors
  4 death yaks (Shoals:3)
  7 deep troll earth magi
  A titan zombie (Crypt:1)
  8 spriggan berserkers
  12 soul eaters
  5 vampire magi
  54 hell hogs
  20 naga sharpshooters
  A spectral storm dragon (Vaults:1)
  16 hell knights
  9 sun demons
  7 shock serpents
  A crystal echidna (Dis:1)
  17 shadow wraiths
  21 deep elf knights
  A spectral yaktaur (Vaults:1)
  A storm dragon skeleton (Depths:2)
  2 quicksilver dragon simulacra (Depths:2)
  A bunyip zombie (Crypt:2)
  10 sea snakes
  8 salamander mystics
  A spectral anaconda (Crypt:3)
  8 glowing orange brains
  12 iron trolls
  34 skeletal warriors
  A shadow demon (Depths:4)
  61 deep trolls
  A bog body (Crypt:3)
  8 flayed ghosts
  A shadow dragon zombie (Hell)
  2 tengu zombies (Depths:2)
  10 ironbound convokers
  29 phantasmal warriors
  16 deep elf archers
  14 lindwurms
  4 naga ritualists
  A lindwurm (shapeshifter) (D:11)
  32 harpies
  9 wizards
  2 fenstrider witch simulacra
  9 necromancers
  Pikel (D:4)
  41 deep elf pyromancers
  38 deep elf zephyrmancers
  An oklob plant (Lair:3)
  2 fire giant zombies (Geh:4)
  56 ugly things
  8 orc knights
  14 mana vipers
  2 wolf spiders (D:13)
  17 salamanders
  18 manticores
  10 fauns
  A spectral merfolk (Crypt:3)
  An orc sorcerer (Orc:2)
  3 shining eyes
  6 cyclopes
  A shining eye (shapeshifter) (Vaults:5)
  A salamander (shapeshifter) (Vaults:5)
  A spectral ettin (Vaults:1)
  A sphinx skeleton (Crypt:1)
  A water nymph (shapeshifter) (Vaults:5)
  37 black mambas
  14 merfolk sirens
  A spriggan zombie (Crypt:3)
  43 elephants
  5 guardian serpents
  An ice statue (Depths:2)
  6 rust devils (Hell)
  12 vault sentinels
  3 eyes of devastation
  A fire giant skeleton (Geh:4)
  2 dire elephant zombies
  2 naga zombies
  7 naga magi
  A stone giant skeleton (Crypt:1)
  2 water nymphs (Shoals:4)
  A guardian serpent (shapeshifter) (Elf:3)
  2 unseen horrors (D:13)
  Joseph (D:9)
  19 molten gargoyles
  6 smoke demons
  9 hellions
  2 cane toads (shapeshifter)
  2 unseen horrors (shapeshifter)
  2 rime drakes
  4 gargoyles
  3 spriggan skeletons
  11 cane toads
  A dire elephant skeleton (Hell)
  10 komodo dragons
  2 kobold demonologists
  2 efreet (D:14)
  15 freezing wraiths
  27 yaktaurs
  3 tengu conjurers
  A rime drake (shapeshifter) (D:14)
  6 tormentors
  4 guardian mummies (Crypt:3)
  26 merfolk
  An anaconda simulacrum (Hell)
  4 ice devils
  A spectral harpy (Crypt:2)
  A meliai (D:14)
  8 trolls
  10 polar bears
  A harpy zombie (Crypt:1)
  6 wind drakes
  A hydra zombie (Hell)
  6 hornets (Lair:6)
  A meliai (shapeshifter) (D:14)
  A merfolk (shapeshifter) (Vaults:5)
  A wind drake (shapeshifter) (D:13)
  A slime creature (shapeshifter) (Vaults:5)
  A hydra skeleton (Hell)
  16 blink frogs
  121 slime creatures
  2 boulder beetle zombies
  13 snapping turtles
  17 dream sheep
  18 flying skulls
  Sigmund (D:4)
  A black mamba zombie (Crypt:1)
  3 human simulacra (Vaults:1)
  2 air elementals
  15 water elementals
  14 spriggans (Lair:6)
  4 fire elementals
  15 shadows
  11 wraiths
  An elf simulacrum (Vaults:1)
  49 yaks
  2 redbacks
  4 wyverns
  4 basilisks
  A yak (shapeshifter) (D:15)
  6 hogs
  4 golden eyes (Slime:5)
  An alligator snapping turtle simulacrum (Hell)
  A black mamba skeleton (Hell)
  2 steam dragons
  A hog (shapeshifter) (D:15)
  A yaktaur simulacrum (Vaults:1)
  15 vampire mosquitoes
  A glowing shapeshifter zombie (Crypt:1)
  5 swamp worms (Lair:5)
  13 water moccasins
  7 wargs
  A two-headed ogre skeleton (Crypt:2)
  45 nagas
  5 acid dragons
  A hydra simulacrum (Hell)
  A floating eye (Depths:1)
  9 hell hounds
  A swamp drake (D:9)
  A merfolk skeleton (Crypt:3)
  31 orc warriors
  An ice beast (D:8)
  3 black bears
  4 necrophages
  6 ettin simulacra
  25 ogres
  3 boggarts (Lair:6)
  18 centaurs
  20 wolves
  3 lemures (D:4)
  An elephant skeleton (Crypt:2)
  4 kobold brigands
  A swamp dragon skeleton (Crypt:1)
  3 earth elementals
  A cyclops zombie (Crypt:2)
  2 scorpions
  An elf skeleton (Crypt:3)
  An ogre simulacrum (Vaults:1)
  11 bullfrogs
  An elf zombie (Crypt:3)
  A cyclops skeleton (Crypt:1)
  A wyvern skeleton (D:7)
  A queen bee zombie (Crypt:2)
  A water moccasin skeleton (D:4)
  3 killer bees (D:9)
  4 wights (D:8)
  4 howler monkeys
  An electric eel (Lair:5)
  A black bear zombie (Crypt:3)
  A bullfrog zombie (D:6)
  5 centaur zombies
  A hound (D:5)
  3 centaur skeletons
  10 jellies
  A bullfrog skeleton (D:4)
  A gnoll shaman (D:10)
  17 orc priests
  13 hell rats
  Natasha (thrice) (D:4)
  2 iguanas
  22 orc wizards
  A sky beast zombie (Crypt:2)
  A deep dwarf skeleton (Crypt:3)
  A hound zombie (D:5)
  An ogre skeleton (Crypt:1)
  3 hound skeletons
  2 howler monkey zombies
  Robin (D:3)
  10 gnolls
  8 adders
  An ufetubus (D:5)
  An adder skeleton (D:4)
  A barachi skeleton (Crypt:2)
  5 dart slugs
  91 orcs
  4 ball pythons
  7 bats
  8 endoplasms
  4 giant cockroaches
  14 goblins
  8 hobgoblins
  4 jackals (D:1)
  21 kobolds
  4 quokkas
  A ball python zombie (Crypt:1)
  4 frilled lizards
  A goblin (shapeshifter) (D:13)
  A hobgoblin skeleton (Crypt:3)
  A kobold skeleton (Crypt:3)
  A quokka zombie (Crypt:2)
  10 rats
  14 briar patches (Lair:5)
  8 creeping infernos
  54 fire vortices
2842 creatures vanquished.

Vanquished Creatures (others)
  A hellephant (Geh:7)
  A balrug (Geh:6)
  A yellow draconian (Depths:4)
  A deep troll (Vaults:1)
  A water elemental (Elf:1)
  An air elemental (Elf:1)
  A human (Lair:5)
  A creeping inferno (Geh:3)
  A fire vortex (Geh:5)
  66 fungi
  144 plants
  10 tentacles (Shoals:3)
229 creatures vanquished.

Grand Total: 3071 creatures vanquished

Notes
Turn   | Place    | Note
-------+----------+-------------------------------------------
     0 | D:1      | Zdeegee the Gargoyle Ice Elementalist began the quest for
                  | the Orb.
     0 | D:1      | Reached XP level 1. HP: 10/10 MP: 3/3
   129 | D:1      | Reached XP level 2. HP: 15/15 MP: 5/5
   392 | D:1      | Reached skill level 1 in Armour
   787 | D:1      | Reached XP level 3. HP: 17/19 MP: 6/6
   814 | D:1      | Found Lanoilo's General Store.
  1110 | D:1      | Learned a level 3 spell: Frozen Ramparts
  1565 | D:2      | Reached skill level 1 in Fighting
  2086 | D:3      | Reached XP level 4. HP: 25/25 MP: 7/7
  2090 | D:3      | Learned a level 3 spell: Ozocubu's Armour
  2094 | D:3      | Noticed Robin
  2101 | D:3      | Reached skill level 1 in Shields
  2119 | D:3      | Killed Robin
  2599 | D:3      | Found a faded altar of an unknown god.
  2608 | D:3      | Reached XP level 5. HP: 29/29 MP: 2/9
  3617 | D:4      | Found an opulent altar of Gozag.
  3804 | D:4      | Noticed a necrophage
  3830 | D:4      | Killed a necrophage
  3831 | D:4      | Reached skill level 3 in Spellcasting
  3831 | D:4      | Reached skill level 1 in Conjurations
  3831 | D:4      | Reached skill level 5 in Ice Magic
  3831 | D:4      | Reached XP level 6. HP: 32/35 MP: 2/10
  3910 | D:4      | Noticed Pikel
  3935 | D:4      | Killed Pikel
  3936 | D:4      | Reached skill level 1 in Short Blades
  3936 | D:4      | Reached XP level 7. HP: 35/40 MP: 2/12
  4199 | D:4      | Reached skill level 4 in Spellcasting
  4354 | D:4      | Noticed Sigmund
  4363 | D:4      | Learned a level 4 spell: Hailstorm
  4736 | D:4      | Noticed Natasha
  4742 | D:4      | Killed Natasha
  4743 | D:4      | Reached XP level 8. HP: 38/45 MP: 7/14
  4846 | D:5      | Entered Level 5 of the Dungeon
  4952 | D:5      | Reached skill level 1 in Maces & Flails
  5785 | D:5      | Found a radiant altar of Vehumet.
  5848 | D:5      | Became a worshipper of Vehumet
  5983 | D:4      | Killed Sigmund
  6157 | D:4      | Noticed Natasha
  6165 | D:4      | Killed Natasha
  6206 | D:4      | Noticed Natasha
  6220 | D:4      | Killed Natasha
  6491 | D:6      | Found a staircase to the Ecumenical Temple.
  6573 | D:6      | Reached XP level 9. HP: 43/51 MP: 7/16
  6757 | D:6      | Upgraded the game from 0.28-a0-909-g796cbd3a86 to
                  | 0.28-a0-925-gd5e1996cdb
  6849 | D:6      | Reached skill level 5 in Spellcasting
  7042 | D:6      | Found a glowing golden altar of the Shining One.
  7192 | D:6      | Reached * piety under Vehumet
  7192 | D:6      | Offered knowledge of Sandblast by Vehumet.
  7383 | D:6      | Learned a level 1 spell: Sandblast
  7680 | D:1      | Bought 21 stones for 29 gold pieces
  8484 | D:7      | You fall into a shaft and drop 3 floors!
  8484 | D:10     | Entered Level 10 of the Dungeon
  8556 | D:10     | Reached skill level 1 in Earth Magic
  8908 | D:7      | Noticed a komodo dragon
  8908 | D:7      | Found a runed translucent gate.
  8908 | D:7      | Found a runed translucent gate.
  8918 | D:7      | Killed a komodo dragon
  9278 | D:7      | Found a runed translucent gate.
  9280 | D:7      | Noticed tvsian's ghost (novice HOFi)
  9375 | D:7      | Identified the +2 robe of True Grit {rF++ rC- Int+4 Dex+9}
  9521 | D:8      | Reached skill level 6 in Spellcasting
  9524 | D:8      | Reached skill level 5 in Fighting
  9631 | D:8      | Noticed a two-headed ogre
  9642 | D:8      | Killed a two-headed ogre
  9643 | D:8      | Reached XP level 10. HP: 50/59 MP: 1/19
  9906 | D:8      | Noticed Erica
  9923 | D:8      | Killed Erica
  9924 | D:8      | Reached skill level 7 in Spellcasting
  9969 | D:8      | Found a staircase to the Lair.
  9986 | D:8      | Reached ** piety under Vehumet
 10036 | D:8      | Offered knowledge of Shock by Vehumet.
 10284 | D:8      | Found a shimmering altar of Xom.
 10290 | D:8      | Reached skill level 5 in Armour
 10472 | D:8      | Reached skill level 5 in Shields
 10574 | D:8      | Found a sacrificial altar of Ru.
 10620 | D:8      | Found a white marble altar of Elyvilon.
 10754 | D:8      | Found a hide-covered altar of Uskayaw.
 10979 | D:9      | Reached skill level 5 in Conjurations
 11040 | D:9      | Noticed Joseph
 11044 | D:9      | Learned a level 1 spell: Slow
 11055 | D:9      | Killed Joseph
 11056 | D:9      | Reached skill level 8 in Spellcasting
 11056 | D:9      | Reached skill level 5 in Earth Magic
 11159 | D:9      | Reached XP level 11. HP: 47/64 MP: 9/23
 11166 | D:9      | Offered knowledge of Scorch by Vehumet.
 11481 | D:9      | Found a staircase to the Orcish Mines.
 11711 | D:9      | Reached skill level 9 in Spellcasting
 11868 | D:9      | Reached *** piety under Vehumet
 12102 | D:9      | Found a burning altar of Makhleb.
 12336 | D:10     | Noticed a two-headed ogre
 12347 | D:10     | Killed a two-headed ogre
 12506 | D:10     | Found a shimmering blue altar of Sif Muna.
 12506 | D:10     | Noticed a two-headed ogre
 12511 | D:10     | Killed a two-headed ogre
 13205 | Lair:1   | Entered Level 1 of the Lair of Beasts
 13301 | Lair:1   | Offered knowledge of Conjure Flame by Vehumet.
 14003 | Lair:1   | Reached XP level 12. HP: 54/70 MP: 18/25
 14549 | Lair:2   | Reached skill level 10 in Spellcasting
 15319 | Lair:2   | Reached **** piety under Vehumet
 15919 | Lair:3   | Identified the +1 robe "Uwirem" {Will- Str-4 Int+9
                  | Archmagi}
 16024 | Lair:3   | Found a staircase to the Snake Pit.
 16056 | Lair:3   | Offered knowledge of Inner Flame by Vehumet.
 16289 | Lair:3   | Found a gate leading to a gauntlet.
 16294 | Lair:3   | Noticed a catoblepas
 16303 | Lair:3   | Killed a catoblepas
 17316 | Lair:3   | Reached skill level 11 in Spellcasting
 17453 | Lair:4   | Noticed a four-headed hydra
 17464 | Lair:4   | Killed a four-headed hydra
 17465 | Lair:4   | Reached XP level 13. HP: 76/76 MP: 15/28
 18046 | Lair:4   | Learned a level 7 spell: Ozocubu's Refrigeration
 18068 | Lair:4   | Found a staircase to the Shoals.
 18129 | Lair:4   | Found an ornate altar of the Wu Jian Council.
 18798 | Lair:5   | Reached skill level 10 in Ice Magic
 18799 | Lair:5   | Reached ***** piety under Vehumet
 18831 | Lair:5   | Offered knowledge of Irradiate by Vehumet.
 18945 | Lair:4   | Learned a level 5 spell: Borgnjor's Vile Clutch
 18951 | Lair:4   | Learned a level 5 spell: Irradiate
 19257 | Lair:5   | Reached skill level 12 in Spellcasting
 19451 | Lair:5   | Noticed Kirke
 19814 | Lair:4   | Killed Kirke
 19880 | Lair:5   | Found a transporter.
 20030 | Lair:5   | Reached skill level 5 in Dodging
 20228 | Lair:5   | Found a transporter.
 20457 | Lair:5   | Identified the ring of Fovyjeg {rF+ rC+ Slay+3}
 20674 | Lair:5   | Found a staircase to the Slime Pits.
 20871 | Lair:6   | Entered Level 6 of the Lair of Beasts
 21006 | Lair:6   | Gained mutation: Your large and strong wings let you fly.
                  | [Gargoyle growth]
 21006 | Lair:6   | Reached XP level 14. HP: 84/84 MP: 13/30
 21161 | Lair:6   | Reached skill level 10 in Earth Magic
 21165 | Lair:6   | Reached skill level 13 in Spellcasting
 23472 | Orc:1    | Entered Level 1 of the Orcish Mines
 23472 | Orc:1    | Noticed an orc warlord
 23499 | D:9      | Killed an orc warlord
 23687 | Orc:1    | Reached skill level 1 in Necromancy
 24052 | Orc:2    | Entered Level 2 of the Orcish Mines
 24342 | Orc:2    | Noticed Saint Roka
 24344 | Orc:2    | Reached XP level 15. HP: 71/89 MP: 20/32
 25361 | Orc:2    | Found Oniy's Armour Shoppe.
 25361 | Orc:2    | Found Egung's Jewellery Boutique.
 25361 | Orc:2    | Found Kilun's Antique Weapon Boutique.
 25361 | Orc:2    | Found Rapsu's Assorted Antiques.
 25372 | Orc:2    | Found Diepucey's Book Shop.
 25414 | Orc:2    | Reached skill level 14 in Spellcasting
 25462 | Orc:2    | Found a staircase to the Elven Halls.
 26092 | Orc:2    | Offered knowledge of Iron Shot by Vehumet.
 26140 | Orc:2    | Learned a level 6 spell: Iron Shot
 26272 | Orc:2    | Bought a scroll of identify for 66 gold pieces
 26272 | Orc:2    | Bought a scroll labelled BIYRCH OMEE for 33 gold pieces
 26482 | Orc:2    | Noticed an orc warlord
 26493 | Orc:2    | Killed an orc warlord
 27084 | Orc:2    | Bought an ancient kite shield for 313 gold pieces
 27084 | Orc:2    | Identified the +1 kite shield "Rasme" {-Tele Will+ Regen+
                  | Str+2} (You bought it in a shop on level 2 of the Orcish
                  | Mines)
 27084 | Orc:2    | Bought a potion of curing for 99 gold pieces
 27084 | Orc:2    | Bought a potion of curing for 99 gold pieces
 27086 | Orc:2    | Bought an amulet of magic regeneration for 450 gold pieces
 27816 | D:11     | Identified 2 scrolls of acquirement
 27816 | D:11     | Acquired a staff of cold
 27828 | D:11     | Acquired a book of Ice
 27836 | D:11     | Learned a level 5 spell: Freezing Cloud
 27967 | D:11     | Reached ****** piety under Vehumet
 27967 | D:11     | Offered knowledge of Orb of Destruction by Vehumet.
 28507 | D:10     | Learned a level 7 spell: Orb of Destruction
 28962 | D:12     | Reached XP level 16. HP: 97/97 MP: 21/34
 29012 | D:12     | Reached skill level 15 in Spellcasting
 29190 | D:12     | Reached skill level 10 in Fighting
 29315 | D:12     | Found a runed translucent gate.
 29315 | D:12     | Found a runed translucent gate.
 29315 | D:12     | Found a runed translucent gate.
 29316 | D:12     | Noticed timneilson's ghost (journeyman GrFi)
 29875 | D:13     | You are sucked into a shaft and drop 2 floors!
 29875 | D:15     | Entered Level 15 of the Dungeon
 29916 | D:15     | Noticed Jorgrun
 29921 | D:15     | Killed Jorgrun
 30058 | D:13     | Found the +3 sling "Punk" {acid, rCorr}
 30058 | D:13     | Noticed a storm dragon
 30058 | D:13     | Noticed a sphinx
 30060 | D:13     | Paralysed by a sphinx for 2 turns
 30065 | D:13     | Paralysed by a sphinx for 3 turns
 30068 | D:13     | Killed a sphinx
 30074 | D:13     | Killed a storm dragon
 30126 | D:13     | Identified the +4 hand crossbow of Demand {elec, Str+5}
 31269 | D:13     | Reached skill level 10 in Armour
 31391 | D:13     | Offered knowledge of Lee's Rapid Deconstruction by Vehumet.
 31862 | D:14     | Reached skill level 10 in Conjurations
 32026 | D:14     | Reached XP level 17. HP: 103/103 MP: 21/36
 32387 | D:14     | Reached skill level 16 in Spellcasting
 32503 | D:14     | Found a gate to the Vaults.
 32537 | D:14     | Found a broken altar of Ashenzari.
 33239 | D:15     | Found a staircase to the Depths.
 33363 | D:15     | Noticed Azrael
 33374 | D:15     | Killed Azrael
 33587 | D:15     | Found a shadowy altar of Dithmenos.
 33617 | D:15     | Noticed Josephine
 33622 | D:15     | Killed Josephine
 34063 | D:14     | Identified the amulet of Dovid {Acrobat Fly}
 34675 | D:15     | Identified the +1 falchion "Hydra's Curse" {pain, *Corrode
                  | rElec Dex+4}
 35290 | Snake:1  | Entered Level 1 of the Snake Pit
 35475 | Snake:1  | Offered knowledge of Eringya's Noxious Bog by Vehumet.
 35832 | Snake:1  | Identified the +6 whip of Resourcefulness {speed, rC+ rN+}
 36698 | Snake:2  | Reached skill level 1 in Air Magic
 36701 | Snake:2  | Reached skill level 17 in Spellcasting
 36830 | Snake:2  | Reached XP level 18. HP: 95/110 MP: 9/39
 37134 | Snake:2  | Offered knowledge of Fireball by Vehumet.
 37667 | Snake:3  | Noticed Aizul
 37667 | Snake:3  | Noticed Vashnia
 38248 | Snake:3  | Noticed Mara
 38252 | Snake:3  | Noticed Zdeegee's illusion
 38966 | Snake:3  | Noticed Donald
 38974 | Snake:3  | Killed Donald
 39201 | Snake:3  | Killed Vashnia
 39364 | Snake:3  | Killed Mara
 39463 | Snake:3  | Killed Aizul
 39895 | Snake:4  | Entered Level 4 of the Snake Pit
 40702 | Snake:4  | Offered knowledge of Conjure Ball Lightning by Vehumet.
 40709 | Snake:4  | Reached skill level 15 in Earth Magic
 41188 | Snake:4  | Noticed a quicksilver dragon
 41188 | Snake:4  | Noticed a quicksilver dragon
 41191 | Snake:4  | Killed a quicksilver dragon
 41192 | Snake:4  | Reached skill level 18 in Spellcasting
 41192 | Snake:4  | Killed a quicksilver dragon
 41395 | Snake:4  | Reached XP level 19. HP: 116/116 MP: 23/41
 41614 | Snake:4  | Got a serpentine rune of Zot
 42376 | Shoals:1 | Entered Level 1 of the Shoals
 42623 | Shoals:1 | Learned a level 8 spell: Lehudib's Crystal Spear
 43088 | Shoals:1 | Offered knowledge of Fire Storm by Vehumet.
 43088 | Shoals:1 | Offered knowledge of Shatter by Vehumet.
 43088 | Shoals:1 | Offered knowledge of Chain Lightning by Vehumet.
 43414 | Shoals:2 | Identified the +3 leather armour of the Catamount {Str+3}
 43930 | Shoals:2 | Identified the ring of Zoros {rPois rF+ MP+9 Str-5 Dex+6}
 44521 | Shoals:3 | Found Noci's Book Boutique.
 44536 | Shoals:3 | Found Sattimur's Jewellery Shop.
 44536 | Shoals:3 | Noticed Polyphemus
 44653 | Shoals:3 | Found Sehohaxusm's Distillery.
 44679 | Shoals:3 | Bought 2 potions of curing for 102 gold pieces
 44679 | Shoals:3 | Bought 2 potions of curing for 102 gold pieces
 44679 | Shoals:3 | Bought a potion of curing for 51 gold pieces
 44730 | Shoals:3 | Found Deprep's Book Shop.
 44766 | Shoals:3 | Noticed Ilsuiw
 44771 | Shoals:3 | Killed Ilsuiw
 45027 | Shoals:3 | Noticed Bai Suzhen
 45046 | Shoals:3 | Killed Bai Suzhen
 45400 | Shoals:4 | Entered Level 4 of the Shoals
 45440 | Shoals:3 | Found Hayzicig's Magic Scroll Emporium.
 45448 | Shoals:3 | Bought a scroll of teleportation for 48 gold pieces
 45448 | Shoals:3 | Bought a scroll of acquirement for 832 gold pieces
 45448 | Shoals:3 | Bought a scroll of magic mapping for 56 gold pieces
 45448 | Shoals:3 | Bought a scroll of acquirement for 832 gold pieces
 45448 | Shoals:3 | Acquired an amulet of reflection
 45453 | Shoals:3 | Acquired the +2 pair of gloves of Kindness {rElec rF- rC+
                  | Will+}
 45899 | Shoals:4 | Found a runed translucent gate.
 45899 | Shoals:4 | Found a runed translucent gate.
 46059 | Shoals:4 | Reached skill level 5 in Stealth
 46166 | Shoals:4 | Got a barnacled rune of Zot
 46241 | Shoals:4 | Reached XP level 20. HP: 123/123 MP: 31/42
 46300 | Shoals:4 | Got the Papyrus of Enchantment
 46493 | Shoals:4 | Got the Compendium of Toxins and Curses
 46566 | Shoals:4 | Reached skill level 19 in Spellcasting
 46751 | Shoals:4 | Found a runed translucent gate.
 46754 | Shoals:4 | Noticed Pooter's ghost (adept MiBe)
 46766 | Shoals:4 | Killed Pooter's ghost
 46781 | Shoals:4 | Gained mutation: You sometimes lose the ability to read
                  | scrolls when taking damage. [mutagenic glow]
 46794 | Shoals:4 | Gained mutation: You are frail. (-10% HP) [mutagenic glow]
 46811 | Shoals:4 | Gained mutation: Armour fits poorly on your strangely
                  | shaped body. [mutagenic glow]
 46990 | Shoals:4 | Identified the +2 pair of boots of the Earth {rC++ Int+8}
 47456 | Shoals:3 | Killed Polyphemus
 48050 | Elf:1    | Entered Level 1 of the Elven Halls
 48112 | Elf:1    | Found a radiant altar of Vehumet.
 48435 | Elf:1    | Reached skill level 15 in Ice Magic
 48869 | Elf:1    | Got Ziumer's Reference Book on Combat Magic
 48933 | Elf:1    | Noticed Frances
 48951 | Elf:1    | Killed Frances
 49399 | Elf:1    | Found Jadeuro's Armour Shoppe.
 49958 | Elf:1    | Got the Compendium of Air
 49969 | Elf:1    | Got Sif Muna's Tome of the Mountains
 49990 | Elf:1    | Learned a level 9 spell: Shatter
 49997 | Elf:1    | Got the Grimoire of Cold
 50609 | Elf:2    | Reached XP level 21. HP: 106/116 MP: 10/44
 50765 | Elf:2    | Gained mutation: Your body sometimes deteriorates upon
                  | taking damage. [a neqoxec]
 51007 | Elf:2    | Found a runed translucent door.
 51041 | Elf:2    | Found a runed translucent door.
 51319 | Elf:2    | Reached skill level 20 in Spellcasting
 52004 | Elf:3    | Entered Level 3 of the Elven Halls
 52769 | Elf:3    | Identified the +5 broad axe "Wytucagh" {vorpal, Fly rN+}
 52874 | Elf:3    | Identified the +7 trident "Pendulum" {freeze, Fly SInv}
 52974 | Elf:3    | Found the +8 Vampire's Tooth {vamp}
 53040 | Elf:3    | Found the +6 shillelagh "Devastator" {shatter}
 53046 | Elf:3    | Identified the ring of Jeimystre {Int+6 Dex+8}
 53069 | Elf:3    | Got the Disquisition on the Dislocated Snowflakes
 53072 | Elf:3    | Got the Incunabulum of Ignition and Companions
 53265 | Elf:3    | Found an ancient bone altar of Kikubaaqudgha.
 53897 | Vaults:1 | Entered Level 1 of the Vaults
 54381 | Vaults:1 | Reached XP level 22. HP: 113/122 MP: 39/46
 54442 | Vaults:1 | Found Uxtuut's Book Boutique.
 54464 | Vaults:1 | Learned a level 9 spell: Polar Vortex
 54467 | Vaults:1 | Learned a level 2 spell: Blink
 54918 | Vaults:1 | Identified the +2 spear of Bodily Harmony {freeze, Str+2}
 55321 | Vaults:1 | Found a runed translucent gate.
 55321 | Vaults:1 | Found a runed translucent gate.
 55321 | Vaults:1 | Found a runed translucent gate.
 55323 | Vaults:1 | Noticed louisi3's ghost (adept DDGl)
 55345 | Vaults:1 | Killed louisi3's ghost
 55371 | Vaults:1 | Identified the +0 helmet of the Morning {Int+3}
 55384 | Vaults:1 | Acquired 869 gold pieces
 55594 | Vaults:2 | Reached skill level 21 in Spellcasting
 55942 | Vaults:2 | Identified the +3 leather armour of Hedge Wizardry {Fly
                  | Dex+4 Slay+2 SInv}
 56628 | Vaults:2 | Found Vihum's Assorted Antiques.
 56636 | Vaults:2 | Bought a potion of haste for 280 gold pieces
 56636 | Vaults:2 | Bought a potion of cancellation for 224 gold pieces
 57658 | Vaults:3 | Reached skill level 15 in Conjurations
 57856 | Vaults:3 | Reached XP level 23. HP: 128/128 MP: 42/48
 57959 | Vaults:3 | Found a staircase to the Crypt.
 57959 | Vaults:3 | Found a basalt altar of Yredelemnul.
 57960 | Vaults:3 | Found an ancient bone altar of Kikubaaqudgha.
 59125 | Vaults:4 | Reached skill level 22 in Spellcasting
 60484 | Vaults:5 | Entered Level 5 of the Vaults
 60485 | Vaults:5 | Noticed a golden dragon
 60487 | Vaults:5 | Reached skill level 15 in Fighting
 60523 | Vaults:5 | Killed a golden dragon
 60902 | Vaults:4 | Reached XP level 24. HP: 50/135 MP: 49/49
 61342 | Vaults:5 | Reached skill level 15 in Armour
 61587 | Vaults:5 | Reached skill level 23 in Spellcasting
 61855 | Vaults:5 | Found Buidupse's Jewellery Shoppe.
 61855 | Vaults:5 | Found the +7 pair of quick blades "Gyre" and "Gimble"
                  | {protect}
 62425 | Vaults:5 | Found the brooch of Shielding {Spirit SH+8}
 62434 | Vaults:5 | Identified the +2 whip of the Open Hand {vorpal, rPois rN+
                  | Stlth+}
 62468 | Vaults:5 | Identified the amulet of Atheism {RegenMP Rampage rPois
                  | Int-4 Stlth+}
 62574 | Vaults:5 | Got a silver rune of Zot
 63127 | Crypt:1  | Entered Level 1 of the Crypt
 64516 | Crypt:1  | Identified the ring "Utyggij" {Fire Str+5 Slay+4}
 64811 | Crypt:2  | Reached XP level 25. HP: 141/141 MP: 44/50
 65408 | Crypt:2  | Identified the +2 ring mail of Xaampino {*Corrode +Inv
                  | Dex+7}
 65439 | Crypt:2  | Identified the +1 leather armour of Erysixt {rC++ Str-3
                  | Slay+3}
 65739 | Crypt:2  | Found a runed translucent gate.
 65739 | Crypt:2  | Found a runed translucent gate.
 65739 | Crypt:2  | Found an ancient bone altar of Kikubaaqudgha.
 65739 | Crypt:2  | Found a runed translucent gate.
 65739 | Crypt:2  | Noticed Omiorith's ghost (adept GrFi)
 65739 | Crypt:2  | Noticed Loip's ghost (adept GrFi)
 65740 | Crypt:2  | Noticed a dread lich
 65750 | Crypt:2  | Killed a dread lich
 65751 | Crypt:2  | Killed Loip's ghost
 65753 | Crypt:2  | Killed Omiorith's ghost
 65766 | Crypt:2  | Identified the +2 pair of boots of the Dwarven Hall {Harm}
 65770 | Crypt:2  | Identified the ring of Free Will {Fly rElec Str-5 Int+4}
 65875 | Crypt:3  | Entered Level 3 of the Crypt
 65997 | Crypt:3  | Noticed Frederick
 66011 | Crypt:3  | Killed Frederick
 66619 | Crypt:3  | Found a staircase to the Tomb.
 66714 | Crypt:3  | Found a basalt altar of Yredelemnul.
 67967 | Depths:1 | Entered Level 1 of the Depths
 68268 | Depths:1 | Found Big Baal Hell's Store.
 68273 | Depths:1 | Found a gateway to Hell.
 68567 | Depths:1 | Found a one-way gate to the infinite horrors of the Abyss.
 68721 | Depths:1 | Reached skill level 24 in Spellcasting
 69482 | Depths:2 | Found a glowing silver altar of Zin.
 69508 | Depths:2 | Reached XP level 26. HP: 124/147 MP: 18/51
 70461 | Depths:2 | Found a sparkling altar of Nemelex Xobeh.
 70461 | Depths:2 | Found a one-way gate leading to the halls of Pandemonium.
 70608 | Depths:2 | Identified the +5 ring mail of the Amoeba {rF+ rN+ Will+}
 70791 | Depths:2 | Found an iron altar of Okawaru.
 71068 | Depths:2 | Learned a level 4 spell: Petrify
 71089 | Depths:2 | Found a white marble altar of Elyvilon.
 71216 | Depths:2 | Identified the +1 leather armour of the Trilobite {rN+}
 71988 | Depths:3 | Identified the ring of Duroliff {AC+4 Str+3}
 72128 | Depths:3 | Found Juschen's Book Emporium.
 72130 | Depths:3 | Found Otuloobb's Distillery.
 72132 | Depths:3 | Found Zughit's Armour Emporium.
 72158 | Depths:3 | Bought a potion of magic for 104 gold pieces
 72158 | Depths:3 | Bought a potion of mutation for 104 gold pieces
 72158 | Depths:3 | Bought a potion of resistance for 130 gold pieces
 72158 | Depths:3 | Bought a potion of mutation for 104 gold pieces
 72158 | Depths:3 | Bought a potion of cancellation for 104 gold pieces
 72158 | Depths:3 | Bought 2 potions of invisibility for 208 gold pieces
 72440 | Depths:3 | Identified the +1 leather armour "Wedufaep" {Int+5}
 72586 | Depths:4 | Entered Level 4 of the Depths
 72640 | Depths:4 | Reached skill level 5 in Necromancy
 72647 | Depths:4 | Reached XP level 27. HP: 153/153 MP: 29/51
 72804 | Depths:4 | Found a gate to the Realm of Zot.
 72885 | Depths:4 | Reached skill level 25 in Spellcasting
 73324 | Depths:4 | Found a gateway to a ziggurat.
 73516 | Depths:4 | Noticed Jory
 73521 | Depths:4 | Killed Jory
 74045 | Hell     | Entered the Vestibule of Hell
 74045 | Hell     | Noticed Geryon
 74052 | Hell     | Noticed Murray
 74054 | Hell     | Killed Geryon
 74314 | Hell     | Killed Murray
 74332 | Hell     | Reached skill level 1 in Fire Magic
 74461 | Hell     | Paralysed by a wendigo for 1 turns
 74630 | Hell     | Found a gateway to the freezing wastes of Cocytus.
 74787 | Hell     | Found a gateway to the decaying netherworld of Tartarus.
 74914 | Hell     | Found a gateway to the ashen valley of Gehenna.
 75017 | Hell     | Found a gateway to the Iron City of Dis.
 75612 | Slime:1  | Entered Level 1 of the Pits of Slime
 76238 | Slime:5  | Entered Level 5 of the Pits of Slime
 76831 | Slime:5  | Noticed the Royal Jelly
 76832 | Slime:5  | Found a viscous altar of Jiyva.
 76850 | Slime:5  | Killed the Royal Jelly
 77073 | Slime:5  | Found the +3 Elemental Staff {rElec rF++ rC++ AC+5}
 77131 | Slime:5  | Identified the +4 flail "Yddo" {pain, Will++ rCorr MP+9
                  | Dex-5}
 77150 | Slime:5  | Identified the ring of Sin {rC+ Slay+2 Stlth+}
 77165 | Slime:5  | Got a slimy rune of Zot
 77270 | Slime:5  | Identified the +8 short sword "Eseogoch" {flame, rF+ SInv
                  | Stlth+}
 78325 | Tar:1    | Entered Level 1 of Tartarus
 78407 | Tar:3    | Reached skill level 10 in Shields
 79120 | D:6      | Fell from the grace of Vehumet
 79120 | D:6      | Became a worshipper of the Shining One
 79487 | Geh:1    | Entered Level 1 of Gehenna
 79740 | Geh:1    | Lost mutation: You sometimes lose the ability to read
                  | scrolls when taking damage. [potion of mutation]
 79740 | Geh:1    | Lost mutation: You are frail. (-10% HP) [potion of
                  | mutation]
 79740 | Geh:1    | Lost mutation: Your body sometimes deteriorates upon taking
                  | damage. [potion of mutation]
 79740 | Geh:1    | Gained mutation: You occasionally shout uncontrollably at
                  | your foes. [potion of mutation]
 79740 | Geh:1    | Lost mutation: Armour fits poorly on your strangely shaped
                  | body. [potion of mutation]
 79832 | Geh:1    | Reached * piety under the Shining One
 79886 | Geh:2    | Reached skill level 26 in Spellcasting
 80448 | Geh:4    | Reached ** piety under the Shining One
 80742 | Geh:4    | Noticed an ancient lich
 80743 | Geh:4    | Reached *** piety under the Shining One
 80949 | Geh:4    | Killed an ancient lich
 80954 | Geh:5    | Reached **** piety under the Shining One
 82073 | Geh:3    | Reached ***** piety under the Shining One
 82914 | Geh:7    | Entered Level 7 of Gehenna
 83203 | Geh:7    | Reached skill level 5 in Fire Magic
 83496 | Hell     | Upgraded the game from 0.28-a0-925-gd5e1996cdb to
                  | 0.28-a0-932-g843f935a50
 84138 | Geh:7    | Reached ****** piety under the Shining One
 84609 | Geh:7    | Learned a level 6 spell: Dispersal
 85458 | Geh:7    | Was forgiven by Vehumet
 85767 | Geh:7    | Found the +7 sceptre of Asmodeus
 85767 | Geh:7    | Noticed Asmodeus
 85849 | Geh:7    | HP: 4/100 [Asmodeus (23)]
 85854 | Geh:7    | Killed Asmodeus
 86100 | Geh:7    | Got an obsidian rune of Zot
 86611 | Vaults:2 | Identified the +0 robe of the Arcane {-Tele Regen+ Dex+4}
 86912 | Dis:1    | Entered Level 1 of the Iron City of Dis
 87396 | Dis:2    | Reached skill level 27 in Spellcasting
 87610 | Dis:2    | HP: 6/168 [caustic shrike (10)]
 87610 | Dis:2    | Splashed by a caustic shrike's acid

Illustrated notes

Levels and vault maps discovered:
D:1:      grunt_arrival_crossed_arrows, layout_loops_ring, serial_shops, shop,
          minmay_pentomino_q2
D:2:      layout_rooms, serial_corexii_hall, corexii_hall_statues_s,
          corexii_hall_statues_x, minmay_misc_feat_columns, dk_noncrumbling_2,
          roderic_lattice_a
D:3:      layout_loops_ring, serial_bayou, serial_bayou_pond_c,
          serial_bayou_pond_e, serial_bayou_shore_b, serial_bayou_lagoon_a,
          serial_bayou_shore_b, shapermc_ecumenical_altar_venn, uniq_robin
D:4:      layout_rooms, grunt_gozag_breadcrumbs, minmay_crystal_room,
          minmay_pentangle, uniq_natasha, uniq_pikel, uniq_sigmund
D:5:      layout_cave_pods, kennysheep_mini
D:6:      layout_basic, tso_altar, minmay_temple_entry_sparse_star
D:7:      layout_rooms, ebering_ghost_rock_garden, minmay_misc_feat_plants
D:8:      layout_loops_ring, nicolae_ru_path_of_blood, general_overflow_altar,
          nicolae_overflow_hidden_temple, erik_lair_orcish_takeover, uniq_erica
D:9:      layout_roguey, mainiacjoe_overflow_surrounded_room, erik_orc_1,
          uniq_joseph
D:10:     layout_basic, nicolae_sif_muna_condensation,
          eino_small_chamber_without_monster, roderic_serpentine_path
D:11:     minmay_the_grid_4x2 [minmay_the_grid_tree, minmay_the_grid_doors,
          minmay_the_grid_minigrid_medium, minmay_the_grid_armoury,
          minmay_the_grid_spin_star, minmay_the_grid_embedded,
          minmay_the_grid_dragon_a, minmay_the_grid_prize_four_corners],
          layout_irregular_city
D:12:     layout_gridville, gammafunk_ghost_spectres, beargit_elvish_explorers
D:13:     layout_roguey, nicolae_rejected_hall
D:14:     minmay_isolated_rectangles_in_corner, layout_long_grid,
          david_vaults_4, nicolae_ashenzari_panopticon
D:15:     grunt_enter_depths_giant_problem, layout_gridville, moated_statue,
          nicolae_dithmenos_the_darkroom, uniq_jorgrun, uniq_azrael,
          uniq_josephine
Lair:1:   layout_hall_layers, serial_bayou_shore_b, grunt_megastairs_5
Lair:2:   layout_hall_layers
Lair:3:   layout_roguey, guppyfry_snake_entry_island, gauntlet_entry_generic
Lair:4:   layout_gridlike, minmay_shoals_entry_lonely_mermaid, basic_altar
Lair:5:   gammafunk_worm_tunnel, layout_regular_city,
          nicolae_slime_entry_slimehenge, grunt_megastairs_2,
          serial_bayou_shore_a, uniq_kirke
Lair:6:   minmay_lair_end_enchanted_forest, layout_misc_corridors
Shoals:1: layout_shoals
Shoals:2: layout_shoals, nicolae_shoals_square_sea_wall
Shoals:3: layout_shoals, serial_shops, nicolae_take_the_stairs,
          nicolae_lakefront_shop, nicolae_lakefront_shop, shop,
          nicolae_diamond_shop, uniq_polyphemus, uniq_bai_suzhen, uniq_ilsuiw
Shoals:4: shoals_end_simple, layout_shoals, shoals_ilsuiw_ice,
          gammafunk_ghost_tricky_traps
Snake:1:  layout_gridlike, nicolae_snake_lava_pool
Snake:2:  layout_rooms, grunt_megastairs_1
Snake:3:  layout_chambers, uniq_mara, uniq_aizul, uniq_vashnia, uniq_donald
Snake:4:  hellmonk_snake_rune_quicksilver_temple, layout_onion
Slime:1:  layout_caves
Slime:2:  layout_caves, basic_altar
Slime:3:  layout_caves, nicolae_slime_welcoming_committee
Slime:4:  layout_caves, cheibrodos_slime_lost_civilization_6
Slime:5
Orc:1:    layout_diamond_mine, nicolae_orc_lost_temple
Orc:2:    st_orc_ogre_mass, layout_diamond_mine, serial_shops, shop,
          basic_altar, nicolae_orc_crystal_geode, uniq_saint_roka
Elf:1:    eino_elf_arrival_altar, layout_rooms, serial_shops,
          nicolae_lakefront_shop, minmay_elf_sorcery, st_stairs_4,
          nicolae_elf_elemental_lessons, uniq_frances
Elf:2:    elven_hall_of_blades_hangedman_original
          [nicolae_blade_entry_splitting_headache], layout_onion_city,
          grunt_ministairs_1
Elf:3:    minmay_elf_hall_circle, layout_geoelf_diagonals, basic_altar
Vaults:1: gammafunk_ghost_necromancy, hangedman_vaults_trim, v_misc_22,
          nicolae_vaults_stairing_the_circle, v_misc_24,
          ontoclasm_vaults_claustrophobia, hangedman_vaults_hat, v_misc_25,
          hangedman_vaults_maws, v_misc_32, vaults_dpeg_encased_lava,
          special_room_vaults [special_room_orc], vaults_room_corners,
          layout_vaults_chaotic_city, serial_shops, nicolae_square_shop
Vaults:2: vaults_mumra_lcd, vaults_room_ringed_pool, hangedman_vaults_corner,
          v_misc_33, ontoclasm_vaults_eye, ontoclasm_vaults_fault,
          ontoclasm_vaults_decontamination, v_alt_pattern_1, v_alt_pattern_4,
          v_misc_15, ontoclasm_vaults_spin, v_misc_27, hangedman_vaults_nails,
          serial_ice_m, vaults_dpeg_hooks, layout_vaults_maze_snakey,
          serial_shops, nicolae_shop_statue_plus
Vaults:3: hangedman_vaults_stitches, v_misc_13, nicolae_vaults_what_the_h,
          vaults_room_pool, hangedman_vaults_corner_blocks, v_misc_28, v_misc_5,
          minmay_crypt_entry_necro_gods, vaults_dpeg_spiral,
          ontoclasm_vaults_twist, hangedman_vaults_slice,
          ontoclasm_vaults_ligature, layout_vaults_ring
Vaults:4: hangedman_vaults_snaps, nicolae_vaults_triangles, vaults_room_hallway,
          v_rooms_6, vaults_room_hallway, vaults_room_corners,
          vaults_dpeg_diagonal, vaults_room_corners, vaults_room_pool,
          nicolae_vaults_rhombus_6, vaults_room_corners, layout_vaults_omnibox
Vaults:5
Crypt:1:  layout_rooms
Crypt:2:  layout_chaotic_city, gammafunk_ghost_crypt, grunt_megastairs_4
Crypt:3:  church_of_pain_bobbens, layout_chaotic_city,
          tomb_entry_simple_bobbens, uniq_frederick
Depths:1: layout_basic, nicolae_hell_entry_big_baal_hell, abyss_entry,
          serial_aquarium, aquarium_bridge_long_separate
          [aquarium_subvault_wall, aquarium_subvault_wall,
          aquarium_subvault_bridge, aquarium_subvault_balcony,
          aquarium_subvault_bridge, aquarium_subvault_wall],
          aquarium_bridge_island_large [aquarium_subvault_large_open,
          aquarium_subvault_wall, aquarium_subvault_bridge,
          aquarium_subvault_wall, aquarium_subvault_wall],
          aquarium_window_double, aquarium_window_3, aquarium_view_2c,
          aquarium_balcony_3b, grunt_ministairs_14, kennysheep_generic_room_6
Depths:2: grunt_profane_halls [grunt_profane_temple_geh,
          grunt_profane_temple_coc, grunt_profane_temple_dis,
          grunt_profane_temple_tar, grunt_profane_loot], abyss_entry, pan_entry,
          hell_entry
Depths:3: grunt_house_of_mirrors, layout_gridville, abyss_entry_glasseish,
          lightli_too_deep, nicolae_wooded_promenade
Depths:4: grunt_zot_entry_bicorn, layout_long_grid, enter_ziggurat_a,
          hell_entry, hangedman_decor_points, uniq_jory
Hell
Dis:1:    layout_overlapping_boxes
Dis:2:    layout_jigsaw, nicolae_dis_metal_dragon_surprise
Geh:1:    layout_gehenna_lava_caves
Geh:2:    layout_gehenna_pools_box
Geh:3:    layout_gehenna_lava_caves, nicolae_geh_single_fiery_grave
Geh:4:    layout_gehenna_pools_box, special_room [special_room_morgue],
          nicolae_geh_lava_rosette
Geh:5:    layout_gehenna_lava_caves
Geh:6:    layout_gehenna_pools_triple
Geh:7:    geh_hangedman
Tar:1:    layout_grid_maze
Tar:2:    layout_cathedral_of_symmetry, grunt_tartarus_stairs_gauntlet_trap
Tar:3:    layout_honeycomb, nicolae_tar_cuneiform_oil,
          nicolae_tar_cuneiform_bird, nicolae_tar_just_some_guys

Skill      XL: |  1  2  3  4  5  6  7  8  9 10 11 12 13 14 15 16 17 18 19 20 21 22 23 24 25 26 27 |
---------------+----------------------------------------------------------------------------------+-----
Armour         | 1 2 3 4 5 6 7 8 9 10 11 12 13 14 15 16 18 | 18.1
Fighting       | 1 2 3 5 6 7 8 9 10 11 12 13 14 15 16 18 | 18.1
Shields        | 1 2 3 4 5 6 8 11 | 11.7
Dodging        | 2 3 4 5 6 7 |  7.8
Spellcasting   | 3 4 6 8 9 11 12 13 14 15 17 18 19 20 21 22 23 24 27 | 27.0
Conjurations   | 1 2 3 4 5 6 7 8 9 10 12 13 14 15 16 17 19 | 19.5
Ice Magic      | 5 6 7 8 9 10 11 12 13 14 15 16 17 18 19 20 | 20.3
Short Blades   | 1 |  1.5
Stealth        | 3 4 5 |  5.9
Maces & Flails | 1 2 3 |  3.6
Earth Magic    | 3 5 7 8 9 10 11 12 14 15 16 17 18 19 20 21 22 | 22.7
Necromancy     | 1 2 3 5 9 |  9.7
Air Magic      | 1 |  1.4
Fire Magic     | 6 |  6.5
Staves         | |  0.3
Throwing       | |  0.1
Evocations     | |  0.8

Action                   |  1- 3 |  4- 6 |  7- 9 | 10-12 | 13-15 | 16-18 | 19-21 | 22-24 | 25-27 || total
-------------------------+-------+-------+-------+-------+-------+-------+-------+-------+-------++-------
Melee: Unarmed           |    11 |       |     8 |       |       |       |       |       |       ||    19
       Dagger            |    61 |   139 |     3 |       |       |       |       |       |       ||   203
       Whip              |       |       |   239 |    77 |   261 |       |    26 |     8 |    39 ||   650
       Staff             |       |       |       |       |     6 |    17 |    12 |     1 |     3 ||    39
       Demon whip        |       |       |       |       |       |       |    24 |     1 |       ||    25
       Flail             |       |       |       |       |       |       |       |       |     2 ||     2
Throw: Dart              |       |       |     2 |       |       |       |       |       |       ||     2
       Boomerang         |       |       |     2 |       |       |       |       |       |       ||     2
 Cast: Freeze            |    53 |     4 |    17 |    27 |    16 |       |       |       |       ||   117
       Frozen Ramparts   |     1 |    17 |    35 |    45 |    28 |     8 |     1 |       |     1 ||   136
       Ozocubu's Armour  |       |     7 |    19 |    38 |    29 |     7 |       |       |     1 ||   101
       Sandblast         |       |       |    48 |   217 |   233 |   177 |    84 |    21 |     7 ||   787
       Hailstorm         |       |       |     4 |    36 |    41 |     2 |     1 |       |     6 ||    90
       Borgnjor's Vile C |       |       |       |       |    43 |    64 |    40 |    17 |     6 ||   170
       Ozocubu's Refrige |       |       |       |       |    86 |    44 |   150 |   109 |   218 ||   607
       Irradiate         |       |       |       |       |     4 |       |       |       |       ||     4
       Iron Shot         |       |       |       |       |    53 |   381 |   346 |   354 |   843 ||  1977
       Freezing Cloud    |       |       |       |       |       |    53 |    30 |    12 |     9 ||   104
       Orb of Destructio |       |       |       |       |       |     7 |     1 |       |       ||     8
       Lehudib's Crystal |       |       |       |       |       |       |    16 |       |       ||    16
       Polar Vortex      |       |       |       |       |       |       |       |    15 |    20 ||    35
       Shatter           |       |       |       |       |       |       |       |    28 |    58 ||    86
       Blink             |       |       |       |       |       |       |       |     1 |       ||     1
       Petrify           |       |       |       |       |       |       |       |       |     3 ||     3
Evoke: Wand              |       |       |       |     1 |    20 |       |     1 |       |    11 ||    33
       Condenser vane    |       |       |       |       |     1 |       |     2 |       |     1 ||     4
       Phantom mirror    |       |       |       |       |       |       |       |       |     1 ||     1
  Use: Scroll            |       |     1 |     6 |     6 |     9 |     9 |     6 |     2 |     1 ||    40
       Potion            |       |       |       |       |     1 |       |     2 |     4 |     8 ||    15
 Stab: Sleeping          |     7 |     2 |     4 |     1 |       |       |       |       |       ||    14
       Distracted        |       |       |       |     2 |       |       |       |       |       ||     2
Armor: Robe              |    34 |    72 |   196 |   139 |   245 |   138 |   117 |   126 |   182 ||  1249
       Leather armour    |       |       |       |       |    21 |       |       |       |       ||    21
Dodge: Dodged            |    73 |    94 |   228 |   195 |   481 |   215 |   153 |   160 |   216 ||  1815
Block: Buckler           |       |       |       |       |       |       |       |       |    67 ||    67

Table legend: (Time is in decaauts)
 A = Elapsed time spent in this place.
 B = Non-inter-level travel time spent in this place.
 C = Inter-level travel time spent in this place.
 D = Time resting spent in this place.
 E = Time spent auto-exploring this place.
 F = Levels seen in this place.
 G = Mean time per level.
                   A        B        C        D        E       F      G
               +--------+--------+--------+--------+--------+-----+--------+
         Total |  87805 |  81545 |   6260 |  18196 |  47118 |  64 | 1372.0 |
       Dungeon |  23048 |  20612 |   2436 |   3514 |  12941 |  15 | 1536.5 |
          Lair |  10759 |   9902 |    857 |   1904 |   6206 |   6 | 1793.2 |
        Shoals |   5417 |   5230 |    187 |    787 |   3366 |   4 | 1354.2 |
     Snake Pit |   7024 |   6867 |    157 |   1576 |   4070 |   4 | 1756.0 |
    Slime Pits |   2206 |   2201 |      5 |    993 |    255 |   5 |  441.2 |
  Orcish Mines |   3606 |   3296 |    310 |   1484 |   1159 |   2 | 1803.0 |
   Elven Halls |   5581 |   5425 |    156 |   1389 |   2820 |   3 | 1860.3 |
        Vaults |  10292 |   9517 |    775 |   2039 |   6083 |   5 | 2058.4 |
         Crypt |   3739 |   3626 |    113 |    698 |   2146 |   3 | 1246.3 |
        Depths |   7308 |   6339 |    969 |   1378 |   3893 |   4 | 1827.0 |
          Hell |   1962 |   1786 |    176 |   1048 |    501 |   1 | 1962.0 |
           Dis |    622 |    622 |      0 |    135 |    348 |   2 |  311.0 |
       Gehenna |   5982 |   5869 |    113 |   1251 |   3179 |   7 |  854.6 |
      Tartarus |    253 |    253 |      0 |      0 |    150 |   3 |   84.3 |
               +--------+--------+--------+--------+--------+-----+--------+

Top non-repeatable levels by time:
Vaults:4: 2660 daAuts
   Geh:7: 2583 daAuts
Vaults:3: 2534 daAuts
    D:14: 2445 daAuts
  Lair:6: 2315 daAuts
   Elf:1: 2268 daAuts
Depths:2: 2205 daAuts
 Snake:4: 2105 daAuts
 Snake:3: 2086 daAuts
    D:13: 2082 daAuts
   Orc:2: 2080 daAuts
     D:8: 2024 daAuts
Depths:4: 1998 daAuts
    Hell: 1962 daAuts
  Lair:5: 1960 daAuts
